 Dungeon Crawl Stone Soup version 0.14-a0-1378-gf8e6a88 (webtiles) character file.

5532 PolkaDot the Conjurer (level 10, -10/63 HPs)
             Began as a Vampire Conjurer on Dec 8, 2013.
             Was an Elder of Sif Muna.
             Mangled by a blink frog (15 damage)
             ... on Level 1 of the Lair of Beasts.
             The game lasted 01:06:25 (12685 turns).

PolkaDot the Conjurer (Vampire Conjurer)           Turns: 12685, Time: 01:06:25

HP -10/63        AC  6     Str  9      XL: 10   Next: 35%
MP  16/17        EV 14     Int 19 (20) God: Sif Muna [****..]
Gold 324         SH  0     Dex 14      Spells:  4 memorised,  0 levels left

rFire  + . .     SeeInvis +     J - staff of conjuration
rCold  . . .     Clarity  +     a - +0 robe
rNeg   + + .     Conserve .     (no shield)
rPois  +         rCorr    .     A - +2 helmet {SInv}
rElec  .         rRot     +     (no cloak)
SustAb . .       Spirit   .     I - +0 pair of gloves
rMut   .         Warding  .     (no boots)
Saprov . . .     Stasis   .     E - amulet of Xiplodwik {Clar MR++ Str+2}
                                r - ring of fire
                                b - ring of poison resistance

@: regenerating slowly, extremely resistant to hostile enchantments, stealthy
A: bottle blood, fangs 3, see invisible, unbreathing
a: Bat Form, Bottle Blood, Channel Energy, Forget Spell, Renounce Religion


You were on level 1 of the Lair of Beasts.
You worshipped Sif Muna.
Sif Muna was greatly pleased with you.
You were thirsty.

You visited 3 branches of the dungeon, and saw 12 of its levels.

You collected 324 gold pieces.

Inventory:

Hand weapons
 w - a +1,+1 short sword of protection
 L - a +5,+1 elven spear of dragon slaying
Armour
 a - a +0 robe (worn)
 A - a +2 helmet of see invisible (worn)
 I - a +0 pair of gloves (worn)
 M - a +2 leather armour of positive energy
 O - a +0 buckler
Magical devices
 d - a wand of slowing (7)
 p - a wand of cold (4)
 t - a wand of flame (4)
 z - a wand of disintegration (18)
Scrolls
 e - 3 scrolls of enchant weapon I {unknown}
 f - 2 scrolls of curse weapon {unknown}
 g - a scroll of fear {unknown}
 i - 4 scrolls of remove curse
 j - 3 scrolls of recharging
 k - 4 scrolls of magic mapping
 m - a scroll of enchant armour {unknown}
 n - a scroll of curse jewellery {unknown}
 o - a scroll of vulnerability {unknown}
 s - a scroll of fog {unknown}
 u - a scroll of teleportation {unknown}
 y - a scroll of curse armour {unknown}
 B - 3 scrolls of random uselessness
 C - a scroll of immolation {unknown}
 H - a scroll of blinking {unknown}
 K - a scroll of amnesia {unknown}
Jewellery
 b - a ring of poison resistance (left hand)
 l - an uncursed ring of ice
 r - a ring of fire (right hand)
 E - the amulet of Xiplodwik (around neck) {Clar MR++ Str+2}
   (You found it on level 6 of the Dungeon)

   [amulet of clarity]

   It affects your strength (+2).
   It affects your resistance to hostile enchantments.
 F - an uncursed amulet of clarity {unknown}
 N - an uncursed amulet of resist corrosion {unknown}
Potions
 h - 2 potions of restore abilities
 q - a potion of might
 x - a potion of magic
 G - a potion of resistance
Books
 c - a book of Conjurations

   Spells                             Type                      Level
   *Magic Dart                        Conjuration                  1
   *Searing Ray                       Conjuration                  2
   Dazzling Spray                     Conjuration/Hexes            3
   *Iskenderun's Mystic Blast         Conjuration                  4
   Iskenderun's Battlesphere          Conjuration/Charms           4
   Fulminant Prism                    Conjuration/Hexes            5
 D - a book of Envenomations

   Spells                             Type                      Level
   Spider Form                        Transmutation/Poison         3
   Poison Weapon                      Charms/Poison                3
   Summon Scorpions                   Summoning/Poison             4
   Olgreb's Toxic Radiance            Poison                       4
   *Poisonous Cloud                   Conjuration/Poison/Air       6
Magical staves
 J - an uncursed staff of conjuration (weapon)


   Skills:
 - Level 4.6 Dodging
 - Level 3.0 Stealth
 - Level 2.3 Spellcasting
 + Level 11.3 Conjurations
 * Level 3.0 Air Magic
 + Level 1.8 Poison Magic


You couldn't memorise any spells.
You knew the following spells:

 Your Spells              Type           Power        Failure   Level  Hunger
a - Magic Dart            Conj           ####         1%          1    #......
d - Iskenderun's Mystic   Conj           ######..     1%          4    #####..
s - Searing Ray           Conj           ######       1%          2    ##.....
z - Poisonous Cloud       Conj/Pois/Air  ####......   100%        6    #######


Dungeon Overview and Level Annotations

Branches:
Dungeon (10/16)            Temple (1/1) D:5             Orc (0/4) D:9
   Lair (1/8) D:9

Altars:
Ashenzari
Cheibriados
Elyvilon
Fedhas
Kikubaaqudgha
Makhleb
Nemelex Xobeh
Okawaru
Sif Muna
Trog
Vehumet
Xom
Yredelemnul
Zin
the Shining One


Innate Abilities, Weirdness & Mutations

You heal slowly.
You can bottle blood from corpses.
You have razor-sharp teeth.*
You have supernaturally acute eyesight.
You can survive without breathing.*


Message History

The adder barely misses you.
Read which item? (? for menu, Esc to quit)
As you read the scroll labeled ODUZEZ THIUCLI, it crumbles to dust.
The scroll reassembles itself in your hands!
It is a scroll of random uselessness.
The blink frog blinks!
The blink frog hits you!
* * * LOW HITPOINT WARNING * * *
The giant centipede misses you. The adder bites you but does no damage.
Read which item? (? for menu, Esc to quit)
Okay, then.
Drink which item? (? for menu, Esc to quit)
Okay, then.
Drink which item? (? for menu, Esc to quit)
You feel better. The blink frog hits you!
* * * LOW HITPOINT WARNING * * *
The giant centipede completely misses you.
The adder barely misses you.
Drink which item? (? for menu, Esc to quit)
You feel better. The blink frog hits you!
You die...

#.............##*##**
###...........f#...,** *
.#................,,*
*....................**
*#.#....(........##,**
***###...........###***
*,**.#............##
***,,.............#.# **
,,,........@F....##
*,,,,*##.....FSs.....#
**,,,*#.......F.....## *
*****,***#...........## ***
*,*,,,,**........[....#########.,
,,,,,,,,,.......................,
,,,,,,>,,,......................,
,,,,,,,,,,,.....................j
,,,,,,,,,,,,.....................


You could see 3 blink frogs, an adder and a giant centipede.

Vanquished Creatures
  A hill giant (D:9)
  A troll (D:9)
  Grinder (D:3)
  A trapdoor spider (D:9)
  Eustachio (D:5)
  A hungry ghost (D:10)
  A manticore (D:9)
  A necrophage (D:9)
  A sky beast (D:6)
  3 ogres
  3 orc warriors
  2 phantoms
  The ghost of cedor the Slasher, an average DsSk (D:3)
  2 crocodiles
  4 centaurs
  6 giant frogs
  An eye of draining (D:9)
  A killer bee (D:9)
  5 wights
  5 crimson imps
  2 goliath beetles
  A hippogriff skeleton (D:6)
  An orc priest (D:3)
  A giant frog skeleton (D:8)
  A water moccasin zombie (D:9)
  2 centaur skeletons
  8 hounds
  5 iguanas
  A jelly (D:9)
  A black bear skeleton (D:7)
  7 worker ants
  5 orc wizards
  2 scorpions
  3 gnolls (D:3)
  3 giant centipedes
  9 adders
  2 giant mites
  7 worms
  An inept feature mimic (D:2)
  2 giant eyeballs
  6 giant geckos
  4 oozes
  17 orcs
  17 bats
  6 giant cockroaches
  10 goblins
  16 hobgoblins
  5 ball pythons
  4 giant newts
  17 kobolds
  2 orc skeletons (D:4)
  9 quokkas
  12 rats
  A rat skeleton (D:7)
232 creatures vanquished.

Notes
Turn   | Place    | Note
--------------------------------------------------------------
     0 | D:1      | PolkaDot, the Vampire Conjurer, began the quest for the Orb.
     0 | D:1      | Reached XP level 1. HP: 13/13 MP: 3/3
     2 | D:1      | Noticed a centaur
     4 | D:1      | Noticed a human
     6 | D:1      | Noticed a demonspawn
     8 | D:1      | Noticed a naga
     8 | D:1      | Noticed a dwarf
    10 | D:1      | Noticed an octopode
    12 | D:1      | Noticed a merfolk
    12 | D:1      | Noticed a felid
    14 | D:1      | Noticed an elf
    14 | D:1      | Noticed a ghoul
    16 | D:1      | Noticed a tengu
    16 | D:1      | Noticed a minotaur
    18 | D:1      | Noticed a draconian
    18 | D:1      | Noticed a spriggan
    20 | D:1      | Noticed a vampire
    20 | D:1      | Noticed a demigod
    22 | D:1      | Noticed an ogre
    22 | D:1      | Noticed a troll
   267 | D:1      | Reached XP level 2. HP: 19/19 MP: 0/4
   421 | D:1      | Learned a level 2 spell: Searing Ray
  1101 | D:2      | Reached XP level 3. HP: 13/24 MP: 3/6
  1276 | D:2      | Reached skill level 4 in Conjurations
  1324 | D:2      | Reached XP level 4. HP: 21/30 MP: 4/8
  1381 | D:2      | Found a bloodstained altar of Trog.
  1696 | D:2      | Found a snail-covered altar of Cheibriados.
  2375 | D:3      | Reached XP level 5. HP: 31/35 MP: 3/9
  2479 | D:3      | Learned a level 4 spell: Iskenderun's Mystic Blast
  2736 | D:3      | Noticed Grinder
  2736 | D:3      | Reached skill level 5 in Conjurations
  2828 | D:3      | Paralysed by Grinder for 7 turns
  2836 | D:3      | Killed Grinder
  2836 | D:3      | Reached skill level 6 in Conjurations
  2836 | D:3      | Reached XP level 6. HP: 35/41 MP: 2/11
  3027 | D:3      | Noticed cedor's ghost (average DsSk)
  3049 | D:3      | Killed cedor's ghost
  3049 | D:3      | Reached XP level 7. HP: 13/46 MP: 3/12
  4019 | D:5      | Entered Level 5 of the Dungeon
  4058 | D:5      | Reached skill level 7 in Conjurations
  4124 | D:5      | Somebody: Hi. How do you do?
  4124 | D:5      | PolkaDot: alright
  4124 | D:5      | PolkaDot: and you?
  4310 | D:5      | Noticed Eustachio
  4327 | D:5      | Killed Eustachio
  4328 | D:5      | Reached XP level 8. HP: 49/52 MP: 2/14
  4519 | D:5      | Found a staircase to the Ecumenical Temple.
  4525 | Temple   | Entered the Ecumenical Temple
  4678 | Temple   | Somebody: I am considering drinking a potion of Mut to "remedy" the situation I am having.
  4678 | Temple   | PolkaDot: Veh or Sif?
  4678 | Temple   | PolkaDot: Witht he -2 STR?
  4678 | Temple   | PolkaDot: ... Risky
  4678 | Temple   | Somebody: Yes.
  4678 | Temple   | Somebody: Sif Muna.
  4678 | Temple   | PolkaDot: Well, mutation isn't the best way to rememdy a bad mut, but good luck if you do xD
  4693 | Temple   | Became a worshipper of Sif Muna the Loreminder
  4879 | D:5      | Somebody: ...because you need to be more careful.
  4914 | D:5      | Somebody: I am finding you way too often in the early Dungeon. :p
  4914 | D:5      | PolkaDot: Heh
  4914 | D:5      | PolkaDot: Blork with an exec axe... Was a bit much for a squisy vamp :p
  5207 | D:5      | Reached skill level 8 in Conjurations
  5581 | D:5      | Somebody: Why didn't you try the oft-mentioned, but rarely practiced walking-away spell? :p
  5589 | D:5      | PolkaDot: When?
  5589 | D:5      | PolkaDot: against Blork
  5589 | D:5      | PolkaDot: ?
  5589 | D:5      | Somebody: Blork.
  5589 | D:5      | PolkaDot: Well, I did
  5589 | D:5      | PolkaDot: But he magic darted me
  5589 | D:5      | PolkaDot: the dart is what kileld me
  5589 | D:5      | PolkaDot: but the axe nearly one-shot me
  5589 | D:5      | Somebody: Unfortunate.
  5589 | D:5      | PolkaDot: he's normally doable with a couple of searings
  5692 | D:6      | Somebody: I'll get back to my character in Shoals.
  5695 | D:6      | PolkaDot: enjoy
  5695 | D:6      | PolkaDot: good luck with the Mut
  5695 | D:6      | Somebody: I won't do it yet.
  5695 | D:6      | PolkaDot: probably for the best :p
  5695 | D:6      | Somebody: I am coming to realize that this Zot trap was a very good thing to happen to me.
  5695 | D:6      | PolkaDot: maybe get the cur mut first?
  5695 | D:6      | PolkaDot: wait, what?
  5695 | D:6      | Somebody: It reminds me of my character mortality and helps stay alert.
  5696 | D:6      | PolkaDot: Ah, yes
  5696 | D:6      | Somebody: It is not mutations or unfortunate circumstances that have killed most good characters I have played.
  5696 | D:6      | PolkaDot: true dat
  5754 | D:6      | Found a shattered altar of Ashenzari.
  5781 | D:6      | PolkaDot: cloud spells <3
  5785 | D:6      | Somebody: Good find.
  5814 | D:6      | Got a flickering ruby amulet
  5891 | D:6      | Acquired Sif Muna's first power
  6063 | D:6      | Somebody: Be seeing you.
  6113 | D:6      | Reached skill level 9 in Conjurations
  6308 | D:6      | Identified the amulet of Xiplodwik {Clar MR++ Str+2} (You found it on level 6 of the Dungeon)
  6888 | D:7      | Found a shattered altar of Ashenzari.
  6934 | D:7      | Acquired Sif Muna's second power
  6934 | D:7      | Reached XP level 9. HP: 41/57 MP: 1/15
  7161 | D:7      | Found a sparkling altar of Nemelex Xobeh.
  7601 | D:8      | Reached skill level 10 in Conjurations
  8795 | D:9      | Found a burning altar of Makhleb.
  9453 | D:9      | Found a staircase to the Lair.
  9815 | D:9      | Noticed a hill giant
  9900 | D:9      | Killed a hill giant
  9900 | D:9      | Reached skill level 11 in Conjurations
  9900 | D:9      | Reached XP level 10. HP: 22/63 MP: 4/17
 10413 | D:9      | Paralysed by a giant eyeball for 3 turns
 10419 | D:9      | Paralysed by a giant eyeball for 2 turns
 10422 | D:9      | Paralysed by a giant eyeball for 4 turns
 11061 | D:10     | Entered Level 10 of the Dungeon
 11070 | D:10     | Learned a level 6 spell: Poisonous Cloud
 11086 | D:10     | Reached skill level 1 in Air Magic
 11408 | D:9      | Acquired Sif Muna's third power
 11408 | D:9      | Reached skill level 1 in Poison Magic
 11904 | D:9      | Found a staircase to the Orcish Mines.
 12149 | Lair:1   | Entered Level 1 of the Lair of Beasts
 12684 | Lair:1   | HP: 2/63 [blink frog (8)]
 12685 | Lair:1   | Mangled by a blink frog

Action                   |  1- 3 |  4- 6 |  7- 9 | 10-12 || total
-------------------------+-------+-------+-------+-------++-------
Melee: Unarmed           |     9 |       |       |       ||     9
       Short sword       |    43 |    74 |   178 |    42 ||   337
       Dagger            |       |    39 |       |       ||    39
       Whip              |       |     5 |    33 |       ||    38
 Cast: Magic Dart        |    31 |     4 |     6 |     1 ||    42
       Searing Ray       |     5 |    18 |    76 |    21 ||   120
       Iskenderun's Myst |       |       |    23 |     7 ||    30
Invok: Channel Energy    |       |       |    43 |    32 ||    75
 Abil: Bottle Blood      |       |       |    19 |       ||    19
Evoke: Wand              |       |       |     1 |     7 ||     8
  Use: Scroll            |       |     6 |     6 |     3 ||    15
       Potion            |       |     6 |    25 |     9 ||    40
 Stab: Sleeping          |     4 |     3 |    11 |     1 ||    19
       Distracted        |       |     1 |       |       ||     1
